 Dungeon Crawl Stone Soup version 0.23-a0-13-gb09bef45d9 (webtiles) character file.

382 Roikka the Firebug (level 6, -5/32 HPs)
             Began as a Deep Elf Fire Elementalist on Aug 2, 2018.
             Slain by Grinder (6 damage)
             ... on level 3 of the Dungeon.
             The game lasted 00:13:24 (2827 turns).

Roikka the Firebug (Deep Elf Fire Elementalist)     Turns: 2827, Time: 00:13:25

Health: -5/32      AC:  3    Str:  7    XL:     6   Next: 47%
Magic:  7/15       EV: 13    Int: 20    God:
Gold:   116        SH:  0    Dex: 15    Spells: 3/14 levels left

rFire    . . .     SeeInvis .   i - +0 dagger
rCold    . . .     Gourm    .   (no shield)
rNeg     . . .     Faith    .   a - +0 robe
rPois    .         Spirit   .   (no helmet)
rElec    .         Reflect  .   (no cloak)
rCorr    .         Harm     .   (no gloves)
MR       .....                  u - +0 pair of boots
Stlth    ++........             (no amulet)
HPRegen  0.10/turn              (no ring)
MPRegen  0.14/turn              (no ring)

@: no status effects
A: no striking features
a: no special abilities


You were on level 3 of the Dungeon.
You were hungry.

You visited 1 branch of the dungeon, and saw 3 of its levels.

You collected 116 gold pieces.

Inventory:

Hand Weapons
 i - a +0 dagger (weapon)
Missiles
 l - 7 tomahawks (quivered)
Armour
 a - a +0 robe (worn)
 u - a +0 pair of boots (worn)
Scrolls
 b - a scroll of enchant weapon {unknown}
 h - 3 scrolls of identify {unknown}
 k - a scroll of blinking {unknown}
 m - 2 scrolls of magic mapping {unknown}
 n - a scroll of teleportation {unknown}
 o - a scroll of fear {unknown}
 r - 2 scrolls of immolation {unknown}
 t - 2 scrolls of amnesia {unknown}
Potions
 d - a potion of flight {unknown}
 e - 3 potions of might {unknown}
 f - a potion of cancellation {unknown}
 g - a potion of haste {unknown}
 j - a potion of heal wounds {unknown}
 p - a potion of invisibility {unknown}
 q - 2 potions of degeneration {unknown}
Comestibles
 c - 7 rations
 s - 4 chunks of flesh


   Skills:
 - Level 3.1 Dodging
 - Level 2.4 Stealth
 + Level 4.7 Spellcasting
 * Level 4.5 Conjurations
 * Level 5.5 Fire Magic


You had 3 spell levels left.
You knew the following spells:

 Your Spells              Type           Power        Failure   Level  Hunger
a - Flame Tongue          Conj/Fire      ###..        1%          1    None
b - Throw Flame           Conj/Fire      ###...       2%          2    #......
c - Conjure Flame         Conj/Fire      ###.....     4%          3    ##.....
d - Fireball              Conj/Fire      ###.......   38%         5    ######.

Your spell library contained the following spells:

 Spells                   Type           Power        Failure   Level  Hunger
 Sticky Flame             Conj/Fire      ###.....     16%         4    ####...
 Inner Flame              Hex/Fire       ###.....     12%         3    ##.....


Dungeon Overview and Level Annotations

Branches:
Dungeon (3/15)

Altars:
Cheibriados
Dithmenos
Nemelex Xobeh
Qazlal

Annotations:
D:3 Grinder


Message History

Press: ? - help, Shift-Dir - straight line, f/p - Grinder
Aim: Grinder (heavily wounded)
The puff of flame hits Grinder.
Grinder is heavily wounded.
Grinder hits you!
* * * LOW HITPOINT WARNING * * *
You writhe in agony.
* * * LOW HITPOINT WARNING * * *
Casting: Throw Flame (safe; 2% risk of failure)
Confirm with . or Enter, or press ? or * to list all spells.
Aiming: Throw Flame (safe; 2% risk of failure)
Press: ? - help, Shift-Dir - straight line, f/p - Grinder
Aim: Grinder (heavily wounded)
The puff of flame hits Grinder.
Grinder is severely wounded.
Grinder says, "Just stop there for a second..."
Grinder hits you.
* * * LOW HITPOINT WARNING * * *
You writhe in agony.
You die...

#.# #.# .## ### #.# ...
..# ####.##### ###.## #.#
#.^......# #.?...##.#
#.#..##..### .......#.# #
#..##..... ......S#.# #
#......##. ...._..r5@##
#.#.##...##.
#l...l..#..####.#.##...##.
.......#.....#.........†.
#.....##..........#....#.
###.####.#...####.###....
# S........##### #.# #####
#. #####.#.## ####.#####
#.#######...# #...)....#
#...........# #..#.##..#


You could see Grinder, a ball python, a frilled lizard and a rat.

Vanquished Creatures
  Sigmund (D:3)
  A bullfrog (D:2)
  4 gnolls (D:2)
  7 adders
  An ooze (D:1)
  4 worms (D:2)
  A leopard gecko (D:3)
  An orc (D:3)
  4 giant cockroaches (D:2)
  5 goblins
  7 hobgoblins
  3 kobolds
  A quokka (D:2)
  A ball python (D:2)
  4 bats
  2 frilled lizards
  2 rats
49 creatures vanquished.

Notes
Turn   | Place    | Note
-------+----------+-------------------------------------------
     0 | D:1      | Roikka the Deep Elf Fire Elementalist began the quest for the Orb.
     0 | D:1      | Reached XP level 1. HP: 10/10 MP: 6/6
   535 | D:1      | Reached XP level 2. HP: 15/15 MP: 2/8
   884 | D:2      | Noticed a bullfrog
   887 | D:2      | Killed a bullfrog
   887 | D:2      | Reached skill level 4 in Fire Magic
   887 | D:2      | Reached XP level 3. HP: 19/19 MP: 6/10
   887 | D:2      | Reached XP level 4. HP: 24/24 MP: 6/11
   895 | D:2      | Learned a level 2 spell: Throw Flame
   899 | D:2      | Learned a level 3 spell: Conjure Flame
  1606 | D:2      | Found a sparkling altar of Nemelex Xobeh.
  1632 | D:2      | Found a stormy altar of Qazlal.
  1663 | D:2      | Reached XP level 5. HP: 23/28 MP: 9/13
  2273 | D:3      | Found a snail-covered altar of Cheibriados.
  2453 | D:3      | Noticed Sigmund
  2466 | D:3      | Killed Sigmund
  2466 | D:3      | Reached skill level 5 in Fire Magic
  2466 | D:3      | Reached XP level 6. HP: 27/32 MP: 2/15
  2584 | D:3      | Learned a level 5 spell: Fireball
  2674 | D:3      | Noticed Grinder
  2677 | D:3      | Paralysed by Grinder for 5 turns
  2819 | D:3      | Found a shadowy altar of Dithmenos.
  2827 | D:3      | HP: 1/32 [Grinder (6)]
  2827 | D:3      | Slain by Grinder

Vault maps used:
D:1:      wheals_arrival_shading
D:2:      nicolae_overflow_hidden_temple, first_ration
D:3:      kennysheep_the_goblin_king, old_standard_altar, cheibriados_altar_1,
          uniq_grinder, uniq_sigmund

Skill      XL: |  1  2  3  4  5 |
---------------+----------------+-----
Dodging        | 3 |  3.1
Conjurations   | 2 3 4 |  4.5
Fire Magic     | 4 5 |  5.5
Spellcasting   | 4 |  4.7
Stealth        | |  2.4

Action                   |  1- 3 |  4- 6 || total
-------------------------+-------+-------++-------
Throw: Tomahawk          |     9 |    19 ||    28
 Cast: Flame Tongue      |    24 |    40 ||    64
       Throw Flame       |       |    49 ||    49
  Eat: Chunk             |       |     6 ||     6
Armor: Robe              |     2 |     1 ||     3
Dodge: Dodged            |     4 |    10 ||    14

Table legend:
 A = Spawn XP
 B = Non-spawn XP
 C = Spawn XP percentage of total XP
 D = Spawn monster count
 E = Non-spawn monster count
 F = Spawn count percentage of total count
 G = Total turns spent on level
                    A         B        C        D         E        F      G
               +---------+---------+-------+---------+---------+-------+---------
         Total |       0 |     547 |   0.0 |       0 |      49 |   0.0 |  2827
               +---------+---------+-------+---------+---------+-------+---------
           D:1 |       0 |      20 |   0.0 |       0 |       9 |   0.0 |   870
           D:2 |       0 |     255 |   0.0 |       0 |      27 |   0.0 |  1386
           D:3 |       0 |     272 |   0.0 |       0 |      13 |   0.0 |   571
               +---------+---------+-------+---------+---------+-------+---------
